 Dungeon Crawl Stone Soup version 0.27-a0-1202-ge72e49191c (webtiles) character file.

Game seed: 4289645437291491822

192218 mordus the Warrior (level 18, -7/161 HPs)
             Began as a Djinni Conjurer on June 2, 2021.
             Was the Champion of Ashenzari.
             Mangled by a spectral merfolk (10 damage)
             ... animated by the player character
             ... on level 3 of the Shoals on June 4, 2021.
             The game lasted 04:13:46 (36724 turns).

mordus the Warrior (Djinni Conjurer)               Turns: 36724, Time: 04:13:47

Health: -7/161     AC: 21    Str:  8    XL:     18   Next: 90%
Gold:   1121       EV: 13    Int: 26    God:    Ashenzari [******] SH:  7 Dex: 16

rFire    + + .     SeeInvis +   B - staff of conjuration (curse) {Range, Cun}
rCold    x . .     Faith    .   W - +2 buckler of the All-seeing Comet {rPois, Evo, Fort} (curse)
rNeg     + + .     Spirit   .   v - +1 ring mail of Ashenzari's Burden {rN++ Str+2 Dex+2 Stlth+, Cun, Evo} (curse)
rPois    ∞         Reflect  .   a - +2 hat of the Elysian Seer {Will+, Self, Fort} (curse)
rElec    .         Harm     .   b - +1 cloak "Cursed Together" {Range, Fort} (curse)
rCorr    .         Rampage  .   u - +3 pair of gauntlets of War {Slay+5, Range, Self} (curse)
Will     ++...     Clarity  +   (boots unavailable)
Stlth    +++.......             V - amulet "Eternal Scepticism" {Regen+, Cun, Melee} (curse)
HPRegen  1.36/turn              d - ring of the Cursed Cynicism {Wiz, Fort, Self} (curse)
MPRegen  0.00/turn              h - ring "Shackled Omission" {AC+4, Self, Evo} (curse)

@: death channeling, flying, studying Evocations
A: sickness immunity, fire resistance 2, cold vulnerability 1, float, innate
caster, hp casting, extra vitality 1
}: 1/15 runes: gossamer
a: Renounce Religion, Shatter the Chains


You were on level 3 of the Shoals.
You worshipped Ashenzari.
Ashenzari was exalted by your worship.
You visited 5 branches of the dungeon, and saw 30 of its levels.
You visited 1 bazaar.
You also visited: Gauntlet.

You collected 3144 gold pieces.
You spent 2023 gold pieces at shops.

Inventory:

Hand Weapons
 o - a +3 quarterstaff of speed
Missiles
 F - a throwing net
 L - 4 atropa-tipped darts
 R - 3 curare-tipped darts
Armour
 a - the cursed +2 hat of the Elysian Seer (worn) {Will+, Self, Fort}
   (You acquired it in a bazaar)

   It has a curse which improves the following skills: Introspection: Fighting
   and Spellcasting.
   Fortitude: Armour and Shields.
 b - the cursed +1 cloak "Cursed Together" (worn) {Range, Fort}
   (You found it on level 1 of the Dungeon)

   It has a curse which improves the following skills: Ranged Combat: Slings,
   Bows, Crossbows and Throwing.
   Fortitude: Armour and Shields.
 u - the cursed +3 pair of gauntlets of War (worn) {Slay+5, Range, Self}
   (You bought it in a shop in a bazaar)

   It affects your accuracy and damage with ranged weapons and melee attacks
   (+5).
   It has a curse which improves the following skills: Ranged Combat: Slings,
   Bows, Crossbows and Throwing.
   Introspection: Fighting and Spellcasting.
 v - the cursed +1 ring mail of Ashenzari's Burden (worn) {rN++ Str+2 Dex+2 Stlth+, Cun, Evo}
   (You took it off an orc priest on level 4 of the Dungeon)

   It affects your strength (+2).
   It affects your dexterity (+2).
   It greatly protects you from negative energy.
   It makes you more stealthy.
   It has a curse which improves the following skills: Cunning: Dodging and
   Stealth.
   Evocations: Evocations.
 N - a +4 troll leather armour
 W - the cursed +2 buckler of the All-seeing Comet (worn) {rPois, Evo, Fort}
   (You bought it in a shop in a bazaar)

   It has a curse which improves the following skills: Evocations: Evocations.
   Fortitude: Armour and Shields.
Magical Staves
 B - a cursed staff of conjuration (weapon) {Range, Cun}
Jewellery
 d - the cursed ring of the Cursed Cynicism (left hand) {Wiz, Fort, Self}
   (You found it on level 1 of the Dungeon)

   [ring of wizardry]

   It improves your spell success rate.
   It has a curse which improves the following skills: Fortitude: Armour and
   Shields.
   Introspection: Fighting and Spellcasting.
 h - the cursed ring "Shackled Omission" (right hand) {AC+4, Self, Evo}
   (You found it on level 9 of the Dungeon)

   [ring of protection]

   It affects your AC (+4).
   It has a curse which improves the following skills: Introspection: Fighting
   and Spellcasting.
   Evocations: Evocations.
 C - a ring of willpower
 E - a ring of protection from cold
 K - a ring of wizardry
 V - the cursed amulet "Eternal Scepticism" (around neck) {Regen+, Cun, Melee}
   (You found it in a Gauntlet)

   [amulet of regeneration]

   It increases your rate of health regeneration.
   It has a curse which improves the following skills: Cunning: Dodging and
   Stealth.
   Melee Combat: Short Blades, Long Blades, Axes, Maces & Flails, Polearms,
   Staves and Unarmed Combat.
Wands
 l - a wand of acid (11)
 y - a wand of paralysis (35)
 H - a wand of iceblast (42)
 J - a wand of polymorph (25)
 M - a wand of mindburst (19)
 S - a wand of charming (16)
 X - a wand of flame (33)
Scrolls
 c - 11 scrolls of teleportation
 i - 3 scrolls of summoning
 p - 5 scrolls of fear
 r - 9 scrolls of fog
 s - a scroll of enchant weapon
 w - 4 scrolls of magic mapping
 A - a scroll of holy word
 G - 2 scrolls of vulnerability
 Q - a scroll of silence
Potions
 e - 6 potions of haste
 f - 12 potions of curing
 g - 2 potions of attraction
 k - 6 potions of brilliance
 m - 8 potions of heal wounds
 q - 3 potions of might
 t - 2 potions of lignification
 x - 2 potions of berserk rage
 z - 6 potions of resistance
 D - 3 potions of mutation
 O - 8 potions of ambrosia
 T - 3 potions of cancellation
Miscellaneous
 j - a tin of tremorstones (2/2)
 n - a phial of floods
 I - a phantom mirror
 P - a piece from Xom's chessboard (15/15)
 Y - a box of beasts


   Skills:
 + Level 18.9(24.8) Fighting
 - Level 10.6(13.4) Staves
 - Level 5.0(11.6) Armour
 - Level 2.1(6.4) Dodging
 - Level 1.5(5.3) Stealth
 - Level 1.1(5.0) Shields
 + Level 14.2(20.6) Spellcasting
 - Level 13.0(18.4) Evocations


You had 13 spell levels left.
You knew the following spells:

 Your Spells              Type           Power      Damage    Failure   Level
a - Magic Dart            Conj           100%       1d8       0%          1
b - Searing Ray           Conj           100%       3d7       0%          2
c - Dazzling Flash        Conj/Hex       100%       N/A       0%          3
d - Fulminant Prism       Conj/Hex       58%        3d25      0%          4
e - Iskenderun's Mystic   Conj/Tloc      100%       2d19      0%          4
f - Shock                 Conj/Air       100%       1d9       0%          1
g - Static Discharge      Conj/Air       100%       N/A       0%          2
h - Vampiric Draining     Necr           47%        2d12      0%          3
i - Portal Projectile     Hex/Tloc       100%       N/A       0%          3
j - Summon Mana Viper     Hex/Summ       94%        N/A       0%          5
k - Borgnjor's Vile Clut  Necr/Erth      47%        N/A       0%          5
l - Starburst             Conj/Fire      58%        8x6d15    1%          6
m - Death Channel         Necr           47%        N/A       1%          6
Your spell library was empty.

Dungeon Overview and Level Annotations

Branches:
Dungeon (15/15)            Temple (0/1) D:7            Lair (6/6) D:9
 Shoals (3/4) Lair:2       Spider (4/4) Lair:4        Slime (0/5) Lair:5
    Orc (2/2) D:10            Elf (0/3) Orc:2        Vaults (0/5) D:13
 Depths (0/5) D:15        Gauntlet (visited)

Altars:
Ashenzari
Dithmenos
Elyvilon
Fedhas
Gozag
Kikubaaqudgha
Makhleb
Nemelex Xobeh
Okawaru
Qazlal
Sif Muna
Trog
Uskayaw
Wu Jian
Xom
Zin
The Shining One
Jiyva

Shops:
D:1 *   D:13 :   D:15 (   Orc:2 [*[[   Shoals:2 (

Portals:
Hell: Lair:6

Annotations:
D:3 1 runed translucent door, spiderkeys's ghost, amateur MfAK
D:15 1 runed translucent door, FacelessVoid's ghost, journeyman DEIE
Lair:2 exclusion: 4 oklob plants
Shoals:3 Polyphemus


Innate Abilities, Weirdness & Mutations

You are immune to sickness and miasma.
You are immune to poison.
Your flesh is very heat resistant. (rF++)
You are vulnerable to cold. (rC-)
You float through the air rather than walking.
You learn spells naturally, not from books.
Your magical power is your life essence.
You have superior vitality. (+4 HP)


Message History

Your fulminant prism explodes!
The blast of energy engulfs the merfolk!!
You kill the merfolk!
The blast of energy engulfs the spectral merfolk javelineer!!!
You destroy the spectral merfolk javelineer!
The blast of energy engulfs the merfolk javelineer!!!
The merfolk javelineer is almost dead.
The blast of energy engulfs Polyphemus!!!
Polyphemus is heavily wounded.
You feel a bit more experienced. x2
The blast of energy engulfs your spectral merfolk!!!
Your spectral merfolk is severely damaged.
The blast of energy engulfs the death yak!!
The death yak is heavily wounded.
The blast of energy engulfs the merfolk!!!
You kill the merfolk!
A glowing mist starts to gather... x2
As you read the scroll of fog, it crumbles to dust.
The scroll dissolves into smoke.
The merfolk javelineer throws a javelin.
The javelin pierces through you.
* * * LOW HITPOINT WARNING * * *
A snapping turtle comes into view.
The merfolk javelineer throws a javelin.
The javelin pierces through you.
* * * LOW HITPOINT WARNING * * *
Casting: Fulminant Prism (safe; 0% risk of failure)
Confirm with . or Enter, or press ? or * to list all spells.
Aiming: Fulminant Prism (safe; 0% risk of failure)
Press: ? - help, Dir - move target You feel a surge of power!
You conjure a prism of explosive energy!
* * * LOW HITPOINT WARNING * * *
A fulminant prism comes into view.
The merfolk javelineer throws a javelin.
The javelin pierces through the spectral merfolk!
The javelin pierces through you!!
* * * LOW HITPOINT WARNING * * *
The spectral merfolk hits you!
You die...

≈ ≈≈ ≈ ,
......####∆§Y### , ,
,,,,, *#.......###{{###
, , , *, *
#.≈≈≈≈§§§##{.### * , ≈ *
* *###.≈≈≈≈≈§§§{..### *
≈>,**,
.....≈≈≈§§§m§≈.### * *,,
≈≈ * ,≈≈
≈≈≈≈≈≈≈≈§§§C§≈≈.## *, ≈
≈≈ ,≈ ≈≈≈≈≈≈≈≈Z§§§§)≈.##
≈≈ ≈≈≈≈≈....≈.Z*§§§§{.#
≈≈ ≈≈
.......@§§§§§≈.[.#* ,≈ ≈
≈≈ ≈≈
.......§§§§§$≈..t.. ,≈≈
≈≈ ≈≈≈
≈......§§§§§≈≈≈≈≈..,≈ ≈
≈
≈≈≈≈≈≈≈≈≈≈...≈..≈≈≈≈≈≈≈
≈ ≈ ≈ ≈≈
≈≈≈≈≈≈≈≈≈.....≈≈≈≈≈≈≈≈≈≈
≈ ≈ ≈ ≈≈≈≈≈≈≈≈....≈≈≈≈≈
≈≈≈ ≈ ≈
≈≈.≈≈≈≈≈≈≈≈≈.≈≈≈≈ ≈ ≈ ≈
≈ ≈,≈ ≈≈ ≈..≈≈≈≈≈≈≈≈≈≈≈≈
≈≈≈ ,, ,≈ ≈≈≈≈ ≈ ≈ ≈ ≈
≈≈ ≈≈≈


You could see Polyphemus, a merfolk javelineer, a spectral merfolk (ally
target), a friendly spectral merfolk and a friendly fulminant prism.

Vanquished Creatures
  3 ghost moths
  5 emperor scorpions
  2 orc warlords (Orc:1)
  A stone giant (D:15)
  3 entropy weavers
  A bunyip (shapeshifter) (D:13)
  A merfolk javelineer (Shoals:3)
  Snorg (D:14)
  An ettin (D:13)
  A merfolk impaler (Shoals:2)
  10 hydras
  5 ogre magi (Orc:2)
  2 catoblepae
  6 boulder beetles
  4 merfolk avatars (Shoals:2)
  2 merfolk aquamancers
  Erica (D:10)
  30 two-headed ogres
  An alligator snapping turtle (Shoals:2)
  A tengu warrior (D:15)
  3 centaur warriors
  A deep troll earth mage (D:13)
  Urug (D:12)
  Nergalle (Orc:1)
  A sixfirhy (Lair:6)
  A glowing orange brain (shapeshifter) (Gauntlet)
  3 sea snakes (Shoals:2)
  A deep troll (D:15)
  A harpy (shapeshifter) (Gauntlet)
  A deep elf archer (D:13)
  3 wizards
  A deep elf pyromancer (D:14)
  2 orc knights (Orc:1)
  A faun (Shoals:2)
  4 harpies (Shoals:2)
  An orb spider (shapeshifter) (D:15)
  2 oklob plants (Gauntlet)
  14 wolf spiders
  20 ugly things
  A salamander (shapeshifter) (Gauntlet)
  A moth of wrath (Spider:3)
  6 cyclopes
  13 orb spiders
  11 manticores
  A merfolk siren (Shoals:3)
  3 black mambas
  A water nymph (Shoals:2)
  A torpor snail (Lair:4)
  14 elephants
  Maggie (D:8)
  13 cane toads
  2 gargoyles
  2 unseen horrors
  An efreet (D:12)
  6 komodo dragons
  2 orange demons (Lair:6)
  A freezing wraith (D:15)
  3 demonic crawlers
  A komodo dragon (shapeshifter) (D:15)
  A minotaur zombie (Gauntlet)
  A rime drake (Lair:6)
  A hellwing (Lair:6)
  A queen bee (Lair:2)
  7 jumping spiders
  A red devil (Lair:6)
  3 ice devils (Lair:6)
  3 meliai (Gauntlet)
  8 trolls
  12 slime creatures
  13 merfolk
  A wolf spider simulacrum (D:14)
  12 blink frogs
  2 wind drakes (Shoals:2)
  4 dream sheep (Lair:6)
  4 snapping turtles
  A shadow (D:12)
  2 wraiths
  31 redbacks
  16 humans (D:13)
  7 wyverns
  3 spriggans (Lair:5)
  9 water elementals
  47 yaks
  Eustachio (D:4)
  10 tarantellas
  A steam dragon (D:8)
  4 basilisks
  3 chaos spawn (Gauntlet)
  A neqoxec (Gauntlet)
  Menkaure (D:8)
  Edmund (D:6)
  3 vampire mosquitoes (D:12)
  5 acid dragons
  A warg (Orc:1)
  3 hell hounds (Lair:6)
  11 water moccasins
  24 orc warriors
  2 ice beasts
  2 black bears
  2 necrophages
  A sky beast (D:7)
  29 ogres
  13 wolves
  6 centaurs
  A kobold brigand (D:7)
  17 bullfrogs
  A water moccasin skeleton (D:7)
  51 killer bees
  16 wights
  6 electric eels
  2 hounds (D:5)
  Crazy Yiuf (D:6)
  3 centaur zombies
  A bullfrog skeleton (D:5)
  11 orc priests
  A centaur skeleton (D:7)
  3 iguanas
  17 orc wizards
  7 hell rats (Lair:3)
  2 killer bee zombies (D:8)
  A hound skeleton (D:5)
  A howler monkey zombie (D:9)
  4 gnolls
  A howler monkey skeleton (D:6)
  4 adders
  A river rat (Lair:2)
  A shadow imp (D:7)
  A white imp (D:8)
  An ufetubus (D:5)
  A worm (D:3)
  A dart slug (D:4)
  64 orcs
  13 endoplasms
  5 giant cockroaches
  9 goblins
  8 hobgoblins
  3 jackals (D:2)
  10 kobolds
  10 quokkas
  7 ball pythons
  8 bats
  5 frilled lizards
  A quokka skeleton (D:4)
  2 rats
  4 fulminant prisms
847 creatures vanquished.

Vanquished Creatures (collateral kills)
  2 ghost moths
  An orc warlord (D:13)
  Aizul (Spider:1)
  3 emperor scorpions (Spider:4)
  A minotaur (Gauntlet)
  A boulder beetle (D:12)
  Sonja (Lair:6)
  A flayed ghost (D:13)
  A wizard (D:14)
  A harpy (Shoals:2)
  9 orb spiders
  7 wolf spiders
  2 slime creatures (D:13)
  2 moths of wrath
  4 manticores
  A black mamba (Lair:2)
  A torpor snail (Spider:2)
  A rime drake (Lair:2)
  3 demonic crawlers
  A minotaur zombie (Gauntlet)
  21 jumping spiders
  A wind drake (Shoals:2)
  A dream sheep (Lair:6)
  18 redbacks
  8 tarantellas
  3 yaks (Lair:2)
  A water moccasin (Lair:2)
  A wolf (Lair:2)
  2 killer bees (Lair:2)
100 creatures vanquished.

Vanquished Creatures (others)
  A water elemental (Shoals:2)
  A warg (Orc:1)
  266 fulminant prisms
  55 fungi
  119 plants
  2 withered plants (D:6)
444 creatures vanquished.

Grand Total: 1391 creatures vanquished

Notes
Turn   | Place    | Note
-------+----------+-------------------------------------------
     0 | D:1      | mordus the Djinni Conjurer began the quest for the Orb.
     0 | D:1      | Reached XP level 1. HP: 15/15 MP: 0/0
   267 | D:1      | Reached XP level 2. HP: 20/21 MP: 0/0
   416 | D:1      | Found Huefieloext's Assorted Antiques.
   456 | D:1      | Reached XP level 3. HP: 23/25 MP: 0/0
   456 | D:1      | Learned a level 1 spell: Shock
  1358 | D:2      | Reached XP level 4. HP: 28/31 MP: 0/0
  2024 | D:3      | Found a faded altar of an unknown god.
  2502 | D:3      | Reached XP level 5. HP: 32/35 MP: 0/0
  2502 | D:3      | Learned a level 2 spell: Static Discharge
  2634 | D:3      | Found a runed translucent door.
  2635 | D:3      | Noticed a bullfrog
  2635 | D:3      | Noticed spiderkeys's ghost (amateur MfAK)
  3128 | D:4      | Noticed a necrophage
  3138 | D:4      | Killed a necrophage
  3139 | D:4      | Reached skill level 5 in Spellcasting
  3139 | D:4      | Reached XP level 6. HP: 28/40 MP: 0/0
  3346 | D:4      | Noticed Eustachio
  3355 | D:4      | Noticed a black bear
  3397 | D:4      | Killed Eustachio
  3416 | D:4      | HP: 2/40 [kobold/stone (1)]
  3775 | D:4      | Killed a black bear
  3776 | D:4      | Reached XP level 7. HP: 39/45 MP: 0/0
  3776 | D:4      | Learned a level 3 spell: Vampiric Draining
  3820 | D:4      | Identified the +1 ring mail of the Lily {rN++ Str+2 Dex+2
                  | Stlth+}
  4244 | D:5      | Entered Level 5 of the Dungeon
  4641 | D:5      | Reached skill level 1 in Armour
  5619 | D:5      | Reached XP level 8. HP: 43/50 MP: 0/0
  5745 | D:6      | Noticed Edmund
  5754 | D:6      | Killed Edmund
  6304 | D:6      | Noticed a troll
  6313 | D:6      | Killed a troll
  6754 | D:6      | Found an opulent altar of Gozag.
  6790 | D:6      | Found a broken altar of Ashenzari.
  6798 | D:6      | Became a worshipper of Ashenzari the Shackled
  6948 | D:6      | Reached XP level 9. HP: 49/55 MP: 0/0
  6948 | D:6      | Learned a level 3 spell: Portal Projectile
  7149 | D:6      | Found a runed translucent door.
  7150 | D:6      | Noticed Crazy Yiuf
  7162 | D:6      | Killed Crazy Yiuf
  7582 | D:6      | Found a sparkling altar of Nemelex Xobeh.
  7998 | D:7      | Reached skill level 5 in Armour
  8087 | D:7      | Found a stormy altar of Qazlal.
  8113 | D:7      | Noticed Menkaure
  8141 | D:7      | Reached skill level 1 in Staves
  8527 | D:7      | Found a staircase to the Ecumenical Temple.
  8719 | D:7      | Found a shadowy altar of Dithmenos.
  8719 | D:7      | Found an iron altar of Okawaru.
  8820 | D:8      | Noticed Maggie
  8824 | D:8      | Killed Maggie
  8825 | D:8      | Reached skill level 2 in Fighting
  9012 | D:7      | Reached XP level 10. HP: 37/65 MP: 0/0
  9246 | D:8      | Reached skill level 3 in Fighting
  9249 | D:8      | Reached skill level 5 in Staves
  9333 | D:8      | Reached skill level 4 in Fighting
  9410 | D:8      | Found a blossoming altar of Fedhas.
  9531 | D:8      | Killed Menkaure
  9949 | D:8      | Reached skill level 1 in Evocations
 10807 | D:9      | Found a staircase to the Lair.
 11227 | D:9      | Reached skill level 5 in Fighting
 11683 | D:9      | Found an ornate altar of the Wu Jian Council.
 11684 | D:9      | Found a shimmering altar of Xom.
 11685 | D:9      | Found a bloodstained altar of Trog.
 11825 | D:10     | Entered Level 10 of the Dungeon
 11853 | D:10     | Noticed Erica
 11862 | D:10     | Killed Erica
 11863 | D:10     | Reached XP level 11. HP: 68/76 MP: 0/0
 11863 | D:10     | Learned a level 5 spell: Summon Mana Viper
 12194 | D:10     | Noticed a two-headed ogre
 12202 | D:10     | Killed a two-headed ogre
 12203 | D:10     | Reached skill level 6 in Fighting
 12205 | D:10     | Noticed a two-headed ogre
 12214 | D:10     | Killed a two-headed ogre
 12349 | D:10     | Found a white marble altar of Elyvilon.
 12552 | D:10     | Reached * piety under Ashenzari
 12773 | D:10     | Noticed a two-headed ogre
 12784 | D:10     | Killed a two-headed ogre
 12887 | D:10     | Found a staircase to the Orcish Mines.
 12933 | D:10     | Reached skill level 5 in Evocations
 13741 | D:11     | Reached skill level 7 in Fighting
 13771 | D:11     | Noticed a two-headed ogre
 13773 | D:11     | Noticed a two-headed ogre
 13776 | D:11     | Killed a two-headed ogre
 13776 | D:11     | Killed a two-headed ogre
 13777 | D:11     | Reached XP level 12. HP: 72/88 MP: 0/0
 13996 | D:11     | Noticed a two-headed ogre
 14002 | D:11     | Killed a two-headed ogre
 14003 | D:11     | Reached skill level 10 in Staves
 14383 | Lair:1   | Entered Level 1 of the Lair of Beasts
 15288 | Lair:1   | Reached ** piety under Ashenzari
 15368 | Lair:1   | Reached skill level 8 in Fighting
 16457 | Lair:2   | Reached skill level 9 in Fighting
 16614 | Lair:2   | Found a staircase to the Shoals.
 16637 | Lair:2   | Reached XP level 13. HP: 82/99 MP: 0/0
 16637 | Lair:2   | Learned a level 5 spell: Borgnjor's Vile Clutch
 17903 | Lair:2   | Reached *** piety under Ashenzari
 18412 | Lair:3   | Reached skill level 10 in Fighting
 19460 | Lair:4   | Found a hole to the Spider Nest.
 19517 | Lair:4   | Found a dark tunnel.
 20214 | Lair:5   | Reached skill level 10 in Evocations
 20511 | Lair:5   | Reached skill level 11 in Fighting
 20882 | Lair:5   | Found a viscous altar of Jiyva.
 20882 | Lair:5   | Found a staircase to the Slime Pits.
 21226 | Lair:5   | Reached XP level 14. HP: 111/115 MP: 0/0
 22214 | Lair:6   | Entered Level 6 of the Lair of Beasts
 22285 | Lair:6   | Reached skill level 12 in Fighting
 23603 | Lair:6   | Found a burning altar of Makhleb.
 23641 | Lair:6   | Found a gateway to Hell.
 23642 | Lair:6   | Identified the +5 long sword of Evisceration {speed, rElec
                  | rF- rN+ SInv}
 23812 | Lair:6   | Found a hide-covered altar of Uskayaw.
 23865 | Lair:6   | Reached skill level 13 in Fighting
 24513 | Lair:6   | Noticed Sonja
 24523 | Lair:6   | Killed Sonja
 25180 | D:12     | Found the +10 Black Knight's barding {ponderous, rPois rN+}
 25204 | D:12     | Found a gate leading to a gauntlet.
 25213 | Gauntlet | Entered a Gauntlet
 25213 | Gauntlet | Found a transporter.
 25220 | Gauntlet | Found a transporter.
 25223 | Gauntlet | Found a transporter.
 25224 | Gauntlet | Found a transporter.
 25235 | Gauntlet | Found a transporter.
 25235 | Gauntlet | Found a transporter.
 25236 | Gauntlet | Found a transporter.
 25245 | Gauntlet | Found a transporter.
 25247 | Gauntlet | Found a transporter.
 25248 | Gauntlet | Found a transporter.
 25252 | Gauntlet | Found a runed translucent door.
 25252 | Gauntlet | Found a runed translucent door.
 25256 | Gauntlet | Found a transporter.
 25287 | Gauntlet | Found a transporter.
 25288 | Gauntlet | Found a transporter.
 25296 | Gauntlet | Found a transporter.
 25783 | Gauntlet | Reached XP level 15. HP: 75/124 MP: 0/0
 25783 | Gauntlet | Learned a level 6 spell: Starburst
 25880 | Gauntlet | Identified the +8 scimitar of Wosez {venom, rPois}
 26620 | D:13     | Found a gate to the Vaults.
 26620 | D:13     | Noticed Urug
 26629 | D:12     | Killed Urug
 26630 | D:12     | Reached skill level 14 in Fighting
 27123 | D:13     | Reached skill level 10 in Spellcasting
 27477 | D:13     | Noticed an orc warlord
 27766 | D:13     | Killed an orc warlord
 27766 | D:13     | Identified a scroll of acquirement
 27815 | D:13     | Identified the ring of Toiwaxt {Ice Int+3 SInv}
 27869 | D:13     | Found Ojacvuan's Book Boutique.
 28419 | D:14     | Noticed Snorg
 28427 | D:14     | Killed Snorg
 28457 | D:14     | Reached skill level 15 in Fighting
 28589 | D:14     | Reached XP level 16. HP: 127/135 MP: 0/0
 28619 | D:14     | Found a glowing golden altar of the Shining One.
 28619 | D:14     | Found a glowing silver altar of Zin.
 28620 | D:14     | Found a white marble altar of Elyvilon.
 29435 | D:15     | Entered Level 15 of the Dungeon
 29547 | D:15     | Found a runed translucent door.
 29548 | D:15     | Noticed FacelessVoid's ghost (journeyman DEIE)
 29833 | D:15     | Found a staircase to the Depths.
 30137 | D:15     | Found Coogat's Weapon Boutique.
 30318 | Orc:1    | Entered Level 1 of the Orcish Mines
 30318 | Orc:1    | Noticed Nergalle
 30323 | Orc:1    | Killed Nergalle
 30383 | Orc:1    | Reached skill level 16 in Fighting
 30403 | Orc:1    | Reached **** piety under Ashenzari
 30531 | Orc:1    | Identified the +2 robe of Dithmenos's Pride {Contam rPois
                  | rC+ Will+}
 30834 | Orc:2    | Entered Level 2 of the Orcish Mines
 30834 | Orc:2    | Found a staircase to the Elven Halls.
 30852 | Orc:2    | Found a flickering gateway to a bazaar.
 30858 | Bazaar   | Entered a bazaar
 30858 | Bazaar   | Found Ofyoq's Antique Armour Emporium.
 30858 | Bazaar   | Found Ecsed's Antique Weapon Shoppe.
 30858 | Bazaar   | Found Zamo Tou's Assorted Antiques.
 30858 | Bazaar   | Found Opnugrelul's Magic Scroll Emporium.
 30858 | Bazaar   | Found Wavymusi's Antique Weapon Shoppe.
 30900 | Bazaar   | Bought a warped quarterstaff for 189 gold pieces
 30900 | Bazaar   | Identified the +3 quarterstaff of the Foot {venom, *Corrode
                  | Drain rN+ Int+7} (You bought it in a shop in a bazaar)
 30902 | Bazaar   | Bought a scroll of enchant armour for 120 gold pieces
 30906 | Bazaar   | Bought a shiny buckler for 217 gold pieces
 30906 | Bazaar   | Bought the +3 pair of gauntlets of War {Slay+5} for 1377
                  | gold pieces
 30906 | Bazaar   | Found the +3 pair of gauntlets of War {Slay+5}
 30922 | Bazaar   | Bought a pair of glowing gloves for 120 gold pieces
 30925 | Bazaar   | Acquired a +2 hat of willpower
 31050 | Orc:2    | Reached ***** piety under Ashenzari
 31116 | Orc:2    | Reached XP level 17. HP: 135/148 MP: 0/0
 31116 | Orc:2    | Learned a level 6 spell: Death Channel
 31155 | Orc:2    | Found Agez's Armour Boutique.
 31155 | Orc:2    | Found Risius's Armour Shoppe.
 31155 | Orc:2    | Found Dyopye Udodi's Antique Armour Emporium.
 31155 | Orc:2    | Found Naeriokhop's Assorted Antiques.
 31303 | Orc:2    | Reached skill level 17 in Fighting
 32201 | Spider:1 | Entered Level 1 of the Spider Nest
 32215 | Spider:1 | Reached skill level 1 in Shields
 32229 | Spider:1 | Noticed Aizul
 32236 | Spider:1 | Killed Aizul
 33363 | Spider:2 | Acquired a manual of Evocations
 33927 | Spider:3 | Reached XP level 18. HP: 145/157 MP: 0/0
 34077 | Spider:4 | Entered Level 4 of the Spider Nest
 34100 | Spider:4 | Reached skill level 18 in Fighting
 34614 | Spider:4 | Got a gossamer rune of Zot
 34804 | Shoals:1 | Entered Level 1 of the Shoals
 34898 | Shoals:1 | Reached ****** piety under Ashenzari
 35613 | Shoals:2 | Found Tedoih's Weapon Shop.
 36719 | Shoals:3 | Noticed Polyphemus
 36724 | Shoals:3 | HP: 3/161 [merfolk javelineer/javelin (21)]
 36724 | Shoals:3 | Mangled by a spectral merfolk

Illustrated notes

Levels and vault maps discovered:
D:1:      minmay_arrival_four_loops, layout_rooms, serial_shops,
          nicolae_shop_overgrown_old_shop, corner_web_ring
D:2:      wander_river, layout_loops_ring, minmay_diced_spiral
D:3:      layout_rooms, ebering_ecumenical_altar_mist, ebering_ghost_sewer_d,
          solitary_fountain
D:4:      layout_loops_ring, uniq_eustachio
D:5:      layout_loops_cross, gup_sewer_entry_pipe
D:6:      layout_basic, lemuel_tele_altar, kiku_gazebo_garden_becter,
          nicolae_ashenzari_panopticon, kennysheep_mini_moat, uniq_edmund,
          uniq_crazy_yiuf_cottage
D:7:      layout_cave_pools, gammafunk_temple_overflow_claw,
          grunt_qazlal_sundering, minmay_temple_entry_purple_smoke,
          uniq_menkaure
D:8:      layout_loops_ring, fedhas_ov_isle_minmay,
          chequers_serial_rivers_micro_d, uniq_maggie
D:9:      layout_loops_corners, gammafunk_temple_overflow_forgotten,
          dpeg_oklobed_lair
D:10:     layout_roguey, elyvilon_altar_1, orc_0_dummy, uniq_erica
D:11:     layout_roguey
D:12:     layout_irregular_city, gauntlet_entry_generic, roderic_filled_cross
D:13:     minmay_bad_star, layout_cave_pods, david_vaults_3, serial_shops, shop
D:14:     layout_basic, good_gods_temple_1, uniq_snorg
D:15:     hangedman_depths_entry_civil_slaughter, layout_basic, serial_shops,
          shop, minmay_misc_feat_room, gammafunk_ghost_grave
Lair:1:   layout_loops_ring, serial_bayou_shore_a
Lair:2:   hangedman_what_comes_after_a, layout_regular_city,
          elwin_shoals_entry_rocks, portal_ice_cave_entry_pillars_1
Lair:3:   layout_chaotic_city, beast_lair_carwin_1, infiniplex_staircase_pool
Lair:4:   layout_regular_city, spider_nest_entry_a,
          nicolae_volcano_entry_lava_flow, grunt_forest_small_clearing_treed
Lair:5:   layout_long_grid, slime_altar_1, wad_woods_02, grunt_megastairs_4
Lair:6:   evil_forest, layout_cave_pods, basic_altar, uniq_sonja
Shoals:1: layout_shoals
Shoals:2: layout_shoals, serial_shops, shop
Shoals:3: layout_shoals, uniq_polyphemus
Spider:1: layout_spider_delve, nicolae_spider_checkerboard, uniq_aizul
Spider:2: nicolae_spider_mines_3, drop_trap
Spider:3: layout_spider_delve, nicolae_spider_moth_buddies
Spider:4: grunt_spider_rune_circles
Orc:1:    layout_caves, minmay_orc_treasury, uniq_nergalle
Orc:2:    st_orc_ogre_mass, layout_diamond_mine, serial_shops, bzr_entry_safe

Skill      XL: |  1  2  3  4  5  6  7  8  9 10 11 12 13 14 15 16 17 18 |
---------------+-------------------------------------------------------+-----
Spellcasting   | 4 5 6 8 9 10 12 13 14 | 14.2
Armour         | 1 4 5 |  5.0
Staves         | 3 7 9 10 | 10.6
Fighting       | 2 5 7 9 11 13 15 16 17 18 | 18.9
Evocations     | 3 5 8 10 12 13 | 13.0
Shields        | 1 |  1.1
Dodging        | |  2.1
Stealth        | |  1.5

Action                   |  1- 3 |  4- 6 |  7- 9 | 10-12 | 13-15 | 16-18 || total
-------------------------+-------+-------+-------+-------+-------+-------++-------
Melee: Unarmed           |     1 |       |       |       |       |       ||     1
       Dagger            |     9 |     8 |     1 |       |       |       ||    18
       Short sword       |       |       |    11 |       |       |       ||    11
       Staff             |       |       |       |    22 |    26 |   159 ||   207
 Cast: Magic Dart        |    44 |   106 |   193 |    33 |    89 |    16 ||   481
       Searing Ray       |     1 |     1 |    13 |    48 |    41 |    26 ||   130
       Static Discharge  |       |     1 |       |       |       |       ||     1
       Fulminant Prism   |       |     8 |    16 |    55 |    79 |   115 ||   273
       Shock             |       |       |     2 |     4 |     4 |       ||    10
       Iskenderun's Myst |       |       |     4 |    35 |    44 |    81 ||   164
       Dazzling Flash    |       |       |     1 |       |       |       ||     1
       Portal Projectile |       |       |       |     1 |       |     1 ||     2
       Summon Mana Viper |       |       |       |     4 |    21 |    11 ||    36
       Borgnjor's Vile C |       |       |       |       |   186 |   131 ||   317
       Starburst         |       |       |       |       |     1 |     8 ||     9
       Death Channel     |       |       |       |       |       |    33 ||    33
       Vampiric Draining |       |       |       |       |       |     8 ||     8
Invok: Curse Item        |       |       |       |     3 |     3 |     6 ||    12
       Shatter the Chain |       |       |       |       |     1 |     2 ||     3
  Use: Scroll            |       |       |     1 |     1 |     3 |     6 ||    11
       Potion            |       |       |       |       |       |     1 ||     1
 Stab: Sleeping          |       |       |       |     2 |     1 |     1 ||     4
       Distracted        |       |       |       |       |       |     2 ||     2
Armor: Robe              |     5 |     5 |       |       |       |       ||    10
       Ring mail         |       |       |    43 |    59 |    55 |   223 ||   380
Dodge: Dodged            |     7 |    19 |    53 |    76 |    72 |   172 ||   399
Block: Buckler           |       |       |       |       |       |   106 ||   106

Table legend: (Time is in decaauts)
 A = Elapsed time spent in this place.
 B = Non-inter-level travel time spent in this place.
 C = Inter-level travel time spent in this place.
 D = Time resting spent in this place.
 E = Time spent auto-exploring this place.
 F = Levels seen in this place.
 G = Mean time per level.
                   A        B        C        D        E       F      G
               +--------+--------+--------+--------+--------+-----+--------+
         Total |  36697 |  35209 |   1488 |   9339 |  18416 |  32 | 1146.8 |
       Dungeon |  19147 |  18197 |    950 |   4691 |  10838 |  15 | 1276.5 |
          Lair |  10744 |  10311 |    433 |   3976 |   4775 |   6 | 1790.7 |
        Shoals |   1893 |   1893 |      0 |    253 |   1014 |   3 |  631.0 |
   Spider Nest |   2379 |   2276 |    103 |     35 |    798 |   4 |  594.8 |
  Orcish Mines |   1647 |   1647 |      0 |     98 |    791 |   2 |  823.5 |
        Bazaar |    115 |    115 |      0 |      0 |     30 |   1 |  115.0 |
      Gauntlet |    768 |    768 |      0 |    286 |    170 |   1 |  768.0 |
               +--------+--------+--------+--------+--------+-----+--------+

Top non-repeatable levels by time:
  Lair:6: 2549 daAuts
     D:6: 2232 daAuts
  Lair:1: 2085 daAuts
  Lair:2: 1863 daAuts
     D:9: 1769 daAuts
  Lair:5: 1695 daAuts
    D:10: 1608 daAuts
     D:4: 1553 daAuts
    D:13: 1429 daAuts
  Lair:3: 1300 daAuts
     D:7: 1299 daAuts
  Lair:4: 1249 daAuts
     D:5: 1243 daAuts
     D:2: 1219 daAuts
    D:14: 1216 daAuts
